 Dungeon Crawl Stone Soup version 0.16-a0-3154-g62f4276 (console) character file.

156 heteroy the Cutter (level 5, -3/35 HPs)
             Began as a Lacertilian Chaos Knight on Jan 10, 2015.
             Was a Plaything of Xom.
             Killed by nerve-wracking pain
             ... invoked by an orc priest
              (7 damage)
             ... on level 4 of the Dungeon.
             The game lasted 00:03:46 (2149 turns).

heteroy the Cutter (Lacertilian Chaos Knight)       Turns: 2149, Time: 00:03:47

Health: -3/35      AC:  9    Str: 12    XL:     5   Next: 14%
Magic:  4/4        EV: 11    Int: 12    God:    Xom [...*..]
Gold:   154        SH:  0    Dex: 14    Spells: 0 memorised, 4 levels left

rFire  . . .     SeeInvis .     a - +0 short sword (chaos)
rCold  . . .     Clarity  .     b - +2 leather armour
rNeg   . . .     SustAb   .     (no shield)
rPois  .         Gourm    .     (no helmet)
rElec  .         Spirit   .     (no cloak)
rCorr  +         Warding  .     h - +0 pair of gloves
rMut   .         Stasis   .     (no boots)
MR     .....                    i - amulet of resist corrosion
Stlth  +++.......               (no ring)
                                (no ring)

@: not resistant to hostile enchantments, fairly stealthy
A: strong connection with the divine, slimy green scales 2, camouflage 1
a: Renounce Religion


You were on level 4 of the Dungeon.
You worshipped Xom.
You were a favourite toy of Xom.
You were not hungry.

You visited 1 branch of the dungeon, and saw 4 of its levels.

You collected 154 gold pieces.

Inventory:

Hand weapons
 a - a +0 short sword of chaos (weapon)
 u - a +2 dagger of holy wrath
Armour
 b - a +2 leather armour (worn)
 h - a +0 pair of gloves (worn)
Magical staves
 t - an uncursed staff of energy
Jewellery
 i - an amulet of resist corrosion (around neck)
Scrolls
 d - a scroll of magic mapping {unknown}
 g - a scroll of blinking {unknown}
 m - 2 scrolls of teleportation {unknown}
 q - a scroll of fog {unknown}
 r - 2 scrolls of random uselessness {unknown}
Potions
 e - 3 potions of curing {unknown}
 f - 2 potions of magic {unknown}
 j - a potion of heal wounds {unknown}
 k - a potion of restore abilities {unknown}
 l - a potion of mutation {unknown}
 o - 2 potions of poison {unknown}
 s - a potion of invisibility {unknown}
Comestibles
 c - 5 bread rations
 n - 7 fruits
 p - 3 meat rations
 v - a beef jerky


   Skills:
 - Level 2.4 Fighting
 * Level 4.5 Short Blades
 - Level 2.0 Armour
 - Level 1.0 Dodging
 + Level 3.7 Stealth
 + Level 0.0 Evocations


You had 4 spell levels left.
You didn't know any spells.

Dungeon Overview and Level Annotations

Branches:
Dungeon (4/15)
 Temple: D:4-7

Altars:


Innate Abilities, Weirdness & Mutations

You have a strong connection with the divine.
You may change religions without suffering divine wrath.
You are mostly covered in slimy green scales (AC +3).
Your skin changes colour to match your surroundings (Stealth).


Message History

Found a stone staircase leading up.
Unknown command.
Unknown command.
Unknown command.
You see here a rat corpse.
The orc barely misses something.
There is a stone staircase leading down here.
Wield which item (- for none, * to show all)? (? for menu, Esc to quit)
Okay, then.
Drink which item? (? for menu, Esc to quit)
Okay, then.
Read which item? (? for menu, Esc to quit)
Okay, then.
You swap places.
Xom smirks.
You feel aware of your surroundings.
The orc priest invokes the aid of Beogh against you.
Pain shoots through your body!
You die...
Xom laughs nastily!

*,* ***#######.#.#.#,*
*,* *,.............# *
** #.*#######.#.###,*
**,* #.####.....#.# *
*, #..........#.#**,*
**,** **
###..###.###.#..,,,*
**, ,
,,...........#.###** *
*****,, ##..#...#.#.#
**, ,,..###....@.#.#.#
,,,,
,,..$.....b>...#.# * *
, ..##.[.......#.#
*,*,,*,*#...b†#...#.*
*,*,,* *#.........# *
*,*,,*,*#.........#,*
*,* ,*.......o#o..#,*
* *,,*..............#
**
,*,,*<..#..#...#.###**


You could see an orc priest and an orc.

Vanquished Creatures
  An orc priest (D:3)
  4 adders
  2 worms (D:2)
  A giant gecko (D:1)
  An ooze (D:1)
  3 orcs (D:3)
  3 giant cockroaches
  7 hobgoblins
  3 jackals (D:1)
  8 kobolds
  A quokka (D:2)
  3 ball pythons
  11 bats
  3 giant newts
  11 goblins
  9 rats
71 creatures vanquished.

Vanquished Creatures (others)
  A rat (D:1)
1 creature vanquished.

Grand Total: 72 creatures vanquished

Notes
Turn   | Place    | Note
--------------------------------------------------------------
     0 | D:1      | heteroy, the Lacertilian Chaos Knight, began the quest for the Orb.
     0 | D:1      | Reached XP level 1. HP: 15/15 MP: 1/1
    43 | D:1      | Reached skill level 3 in Short Blades
    45 | D:1      | Reached skill level 1 in Stealth
    49 | D:1      | Reached XP level 2. HP: 14/20 MP: 2/2
   467 | D:1      | Reached XP level 3. HP: 25/25 MP: 3/3
   887 | D:2      | XOM: harmless Trmt miscast
   918 | D:2      | Reached skill level 4 in Short Blades
   918 | D:2      | Reached XP level 4. HP: 25/30 MP: 3/3
  1176 | D:3      | XOM: harmless Chrm miscast
  1254 | D:3      | XOM: enchant monster (good)
  1259 | D:3      | XOM: silly message
  1663 | D:3      | Reached XP level 5. HP: 35/35 MP: 4/4
  1696 | D:3      | XOM: god gift: scroll labeled TOUBAI KOYT
  1743 | D:3      | XOM: 9-stop teleportation journey
  1769 | D:3      | XOM: 2-stop teleportation journey
  1780 | D:3      | XOM: colour smoke trail
  2044 | D:3      | XOM: god gift: thick glowing staff {god gift}
  2062 | D:3      | XOM: vitrification
  2145 | D:4      | XOM: butterfly on damage
  2149 | D:4      | XOM: divination: magic mapping
  2149 | D:4      | Killed from afar by an orc priest

Action                   |  1- 3 |  4- 6 || total
-------------------------+-------+-------++-------
Melee: Short sword       |   120 |    67 ||   187
 Stab: Sleeping          |     9 |    12 ||    21
       Petrifying        |     1 |       ||     1
       Confused          |       |     2 ||     2
       Paralysed         |       |     1 ||     1
  Eat: Chunk             |       |     4 ||     4
